 Dungeon Crawl Stone Soup version 0.21-a0-15-g606531c (webtiles) character file.

815 grindst0ne the Skirmisher (level 7, 0/100 HPs)
             Began as a Minotaur Fighter on May 23, 2017.
             Slain by Pikel
             ... wielding a +1 whip of electrocution
              (20 damage)
             ... on level 4 of the Dungeon.
             The game lasted 00:13:17 (4638 turns).

grindst0ne the Skirmisher (Minotaur Fighter)        Turns: 4638, Time: 00:13:18

Health: 0/100      AC: 23    Str: 20    XL:     7   Next: 62%
Magic:  6/6        EV:  2    Int:  5    God:
Gold:   77         SH:  9    Dex: 12    Spells: 6/6 levels left

rFire    . . .     SeeInvis .   a - +1 war axe
rCold    . . .     Gourm    .   c - +0 shield
rNeg     + + +     Faith    .   (armour currently unavailable)
rPois    +         Spirit   .   (helmet currently unavailable)
rElec    .         Reflect  .   (cloak currently unavailable)
rCorr    .         Harm     .   (gloves currently unavailable)
MR       .....     NoTele   +   (boots currently unavailable)
Stlth    +.........             (no amulet)
Regen    0.3/turn               (no ring)
MPRegen  0.1/turn               (no ring)

@: tree-form
A: (retaliatory headbutt)
a: no special abilities


You were on level 4 of the Dungeon.
You were not hungry.
You were a tree.
You visited 1 branch of the dungeon, and saw 5 of its levels.

You collected 302 gold pieces.
You spent 225 gold pieces at shops.

Inventory:

Hand Weapons
 a - a +1 war axe (weapon)
 t - a +0 blowgun
Missiles
 s - 2 throwing nets (quivered)
Armour
 b - the +4 scale mail of Resilience (melded) {*Drain MR- rCorr Dex+10}
   (You bought it in a shop on level 4 of the Dungeon)

   It affects your dexterity (+10).
   It affects your resistance to hostile enchantments.
   It protects you from acid and corrosion.
   It causes draining when unequipped.
 c - a +0 shield (worn)
 v - a +0 chain mail
 w - a +0 pair of gloves (melded)
Wands
 x - a wand of clouds (6/9)
Scrolls
 i - a scroll of enchant weapon
 p - a scroll of random uselessness
Potions
 d - a potion of might
 k - a potion of brilliance
 n - 6 potions of heal wounds {unknown}
 o - a potion of agility
 q - a potion of berserk rage {unknown}
 u - a potion of mutation {unknown}
 z - a potion of degeneration {unknown}
Comestibles
 f - 3 bread rations
 g - 2 meat rations
 h - 2 royal jellies
 j - 2 chunks of flesh


   Skills:
 + Level 7.9 Fighting
 + Level 7.3 Axes
 * Level 2.0 Throwing
 - Level 3.6 Armour
 - Level 3.6 Shields


You had 6 spell levels left.
You didn't know any spells.

Dungeon Overview and Level Annotations

Branches:
Dungeon (5/15)
 Temple: D:4-7

Altars:
Kikubaaqudgha
Uskayaw

Shops:
D:4 [

Annotations:
D:4 Pikel


Innate Abilities, Weirdness & Mutations

((You reflexively headbutt those who attack you in melee.))
((You have a pair of horns on your head.))


Message History

That felt strangely unrewarding.
The orc priest begins to cast a cantrip, but forgets the words!
You closely miss Pikel.
Pikel is heavily wounded.
You block Pikel's attack.
You completely miss Pikel.
Pikel is heavily wounded.
Pikel hits you but does no damage.
The orc priest looks encouraged for a moment.
You slash Pikel!
Pikel is severely wounded.
You block Pikel's attack. Pikel hits you but does no damage.
You miss Pikel.
Pikel is severely wounded.
Pikel says, "You'll fetch a fair price!"
Pikel hits you but does no damage.
You hit Pikel.
Pikel is almost dead.
Pikel hits you but does no damage.
You are electrocuted!
You die...

(.#...#....'....#......#...#.....
..#...#....#....#......#...#.....
..#####....##...#......#####.....
........#########............####
........#.......#............#...
........#.......#............#...
........#.......#............'...
........#####[.##............##..
..####'###.##>.#♣...######....#..
'##......#.....K....#....#....#..
..#......#.....#....#[...#....#..
..#......'.....#....#....#....#..
..#......#.....#....#....#....#..
.##..##.######........####....###
.##..##.##....#######............
.#....#..#....# #............
.#....#..#....# #............


You could see Pikel.

Vanquished Creatures
  The ghost of mopl the Sneak, an amateur NaAs of Hepliaklqana (D:4)
  4 slaves (D:4)
  2 ogres (D:4)
  A bullfrog skeleton (D:4)
  4 hounds
  An orc priest (D:5)
  A centaur skeleton (D:4)
  An iguana (D:4)
  2 worker ants
  2 hound skeletons
  Robin (D:2)
  A howler monkey skeleton (D:4)
  4 gnolls (D:4)
  6 adders
  4 worms
  2 dart slugs (D:2)
  A leopard gecko (D:3)
  3 orcs
  2 ball pythons
  4 bats
  3 giant cockroaches
  13 goblins
  8 hobgoblins
  9 jackals
  2 quokkas
  A frilled lizard (D:3)
  7 kobolds
  7 rats
97 creatures vanquished.

Notes
Turn   | Place    | Note
-------+----------+-------------------------------------------
     0 | D:1      | grindst0ne the Minotaur Fighter began the quest for the Orb.
     0 | D:1      | Reached XP level 1. HP: 19/19 MP: 0/0
   116 | D:1      | Reached XP level 2. HP: 26/27 MP: 1/1
   854 | D:2      | Reached XP level 3. HP: 25/34 MP: 2/2
  1073 | D:2      | Noticed Robin
  1087 | D:2      | Killed Robin
  1317 | D:2      | Reached XP level 4. HP: 34/41 MP: 3/3
  1410 | D:2      | Found a hide-covered altar of Uskayaw.
  1410 | D:2      | Found an ancient bone altar of Kikubaaqudgha.
  1503 | D:3      | Reached skill level 5 in Fighting
  2591 | D:4      | Noticed an ogre
  2597 | D:4      | Reached XP level 5. HP: 29/49 MP: 4/4
  2600 | D:4      | Killed an ogre
  2600 | D:4      | Reached skill level 5 in Axes
  2861 | D:4      | Noticed mopl's ghost (amateur NaAs)
  2871 | D:4      | Killed mopl's ghost
  2871 | D:4      | Reached XP level 6. HP: 54/58 MP: 5/5
  3325 | D:4      | Reached XP level 7. HP: 59/66 MP: 6/6
  3618 | D:4      | Found Votwagao's Antique Armour Shoppe.
  3628 | D:4      | Bought a crude scale mail for 225 gold pieces
  3638 | D:4      | Identified the +4 scale mail of Resilience {*Drain MR- rCorr Dex+10} (You bought it in a shop on level 4 of the Dungeon)
  4173 | D:5      | Entered Level 5 of the Dungeon
  4223 | D:5      | Reached skill level 1 in Throwing
  4460 | D:5      | Noticed Pikel
  4638 | D:4      | Slain by Pikel

Vault maps used:
D:1:      dpeg_arrival_long_road
D:2:      gammafunk_temple_overflow_elements, uniq_robin
D:4:      serial_shops, nicolae_shop_waterfront, first_bread
D:5:      marbit_many_paths, grunt_temple_overflow_open, uniq_pikel

Skill      XL: |  1  2  3  4  5  6  7 |
---------------+----------------------+-----
Fighting       | 4 5 6 7 |  7.9
Axes           | 3 4 6 7 |  7.3
Throwing       | 2 |  2.0
Armour         | |  3.6
Shields        | |  3.6

Action                   |  1- 3 |  4- 6 |  7- 9 || total
-------------------------+-------+-------+-------++-------
Melee: War axe           |    87 |    98 |    63 ||   248
       Headbutt          |    15 |    15 |    23 ||    53
  Use: Potion            |       |     1 |     2 ||     3
       Scroll            |       |       |     7 ||     7
  Eat: Chunk             |     1 |     7 |     4 ||    12
Armor: Scale mail        |    33 |    28 |    39 ||   100
       Skin              |       |       |     6 ||     6
Dodge: Dodged            |    35 |    24 |    25 ||    84
Block: Shield            |    42 |    56 |    62 ||   160
